 Dungeon Crawl Stone Soup version 0.31-a0-233-g139696dc86 (webtiles) character file.

Game seed: 18376534091593748687

35 qw the Shooter (level 3, -2/29 HPs)
             Began as a Minotaur Hexslinger on July 8, 2023.
             Slain by a ball python (3 damage)
             ... on level 2 of the Dungeon.
             The game lasted 00:00:18 (795 turns).

qw the Shooter (Minotaur Hexslinger)                 Turns: 795, Time: 00:00:18

Health: -2/29      AC:  3    Str: 12    XL:     3   Next: 17%
Magic:  3/3        EV: 12    Int: 10    God:
Gold:   10         SH:  0    Dex: 14    Spells: 3/4 levels left

rFire   . . .        a - +1 sling
rCold   . . .        (no shield)
rNeg    . . .        d - +0 leather armour
rPois   .            (helmet restricted)
rElec   .            (no cloak)
rCorr   .            (no gloves)
SInv    .            (no boots)
Will    .....        (no amulet)
Stlth   +            (no ring)
HPRegen 0.24/turn    (no ring)
MPRegen 0.08/turn

%: no passive effects
@: no status effects
A: horns 2, retaliatory headbutt
a: no special abilities


You were on level 2 of the Dungeon.
You visited 1 branch of the dungeon, and saw 2 of its levels.

You collected 10 gold pieces.


Innate Abilities, Weirdness & Mutations

You have a pair of horns on your head.
You reflexively headbutt those who attack you in melee.


   Skills:
 - Level 2.0 Fighting
 + Level 3.7 Ranged Weapons
 - Level 2.1 Dodging
 - Level 1.0 Spellcasting
 - Level 2.0 Hexes


You had 3 spell levels left.
You knew the following spells:

 Your Spells              Type           Power      Damage    Failure   Level
a - Slow                  Hex            16%        N/A       19%         1

Your spell library contained the following spells:

 Spells                   Type           Power      Damage    Failure   Level
 Inner Flame              Hex/Fire       2%         N/A       65%         3
 Portal Projectile        Hex/Tloc       4%         N/A       65%         3
 Cause Fear               Hex            2%         N/A       88%         4

Inventory:

Hand Weapons
 a - a +1 sling (weapon)
Armour
 d - a +0 leather armour (worn)
Potions
 e - a potion of enlightenment {unknown}

Dungeon Overview and Level Annotations

Branches:
Dungeon (2/15)

Altars:

Annotations:
D:2 Natasha


Message History

The ball python completely misses you. The ball python closely misses you.
You shoot a sling bullet. The sling bullet hits the ball python.
The ball python is severely wounded.
The ball python misses you. You furiously retaliate!
You headbutt the ball python!
You kill the ball python!
You shoot a sling bullet. The sling bullet hits the hobgoblin.
The hobgoblin is almost dead.
The hobgoblin barely misses you.
You shoot a sling bullet. The sling bullet hits the hobgoblin.
You kill the hobgoblin!
The ball python bites you. The ball python closely misses you. x2
The ball python grabs you. The ball python constricts you.
You shoot a sling bullet. The sling bullet hits the ball python.
The ball python is moderately wounded.
The kobold hits you with a +0 short sword.
The ball python bites you. The ball python constricts you.
The kobold barely misses you. You furiously retaliate!
You headbutt the kobold!
You kill the kobold!
You shoot a sling bullet.
The sling bullet closely misses the ball python.
The ball python completely misses you. The ball python constricts you.
The ball python bites you. The ball python constricts you.
You shoot a sling bullet.
The sling bullet closely misses the ball python.
The ball python bites you but does no damage.
The ball python constricts you. The worm bites you.
The ball python loses its grip on you.
A jackal comes into view.
You shoot a sling bullet. The sling bullet barely misses Natasha.
The sling bullet closely misses the ball python.
The jackal barks!
The worm barely misses you.
Natasha stares at you and mumbles some strange words.
The magic dart hits you!
You shoot a sling bullet.
The sling bullet closely misses Natasha.
The ball python misses you. The ball python barely misses you.
Natasha claws you! The ball python bites you.
You die...

#. .. ## #. ... ....
......># ####.#.
##.#.##.. .......
..#.##.# .......
#.#.##.#
......w####.#.##.#
...h..h@......##.#
......S####.#.##.###
..............##.#'###
............#........#
.....######.#.....<..#
..... #.......%..#
.... #.#........# ....
.....<......#
##..#.##+#+###


You could see a worm, Natasha, a jackal and a ball python.

Vanquished Creatures
  5 endoplasms
  4 giant cockroaches
  3 goblins (D:1)
  6 hobgoblins
  6 ball pythons
  A bat (D:1)
  2 frilled lizards (D:1)
  3 kobolds
  A rat (D:1)
31 creatures vanquished.

Notes
Turn   | Place    | Note
-------+----------+-------------------------------------------
     0 | D:1      | qw the Minotaur Hexslinger began the quest for the Orb.
     0 | D:1      | Reached XP level 1. HP: 16/16 MP: 1/1
     0 | D:1      | 0 ||| qw: Version: 0.3-a-46-gb1f654a
     0 | D:1      | 0 ||| qw: Game counter: 3757
     0 | D:1      | 0 ||| qw: Melee chars always use a shield: true
     0 | D:1      | 0 ||| qw: God list: Okawaru
     0 | D:1      | 0 ||| qw: Allow faded altars: false
     0 | D:1      | 0 ||| qw: Do Orc after clearing Dungeon:15 true
     0 | D:1      | 0 ||| qw: Do second Lair branch before Depths: true
     0 | D:1      | 0 ||| qw: Lair rune preference: random
     0 | D:1      | 0 ||| qw: Goals: Normal
     0 | D:1      | 0 ||| PLANNING D:1-11
    64 | D:1      | Reached skill level 3 in Ranged Weapons
    94 | D:1      | Reached XP level 2. HP: 23/23 MP: 2/2
   580 | D:1      | Reached XP level 3. HP: 23/29 MP: 3/3
   712 | D:1      | 712 ||| UPGRADING to +0 leather armour.
   722 | D:1      | 722 ||| DROPPING +0 robe.
   723 | D:1      | 723 ||| DROPPING scroll of poison.
   787 | D:2      | Noticed Natasha
   795 | D:2      | HP: 1/29 [Natasha (8)]
   795 | D:2      | Slain by a ball python

Levels and vault maps discovered:
D:1:      minmay_arrival_four_circles, layout_basic, minmay_split_cup_small
D:2:      layout_basic, uniq_natasha

Skill      XL: |  1  2 |
---------------+-------+-----
Ranged Weapons | 3 |  3.7
Fighting       | 2 |  2.0
Dodging        | |  2.1
Spellcasting   | |  1.0
Hexes          | |  2.0

Action                     || total
---------------------------++-------
   Fire: Sling             ||    81
 Armour: Robe              ||     3
         Leather armour    ||     2
  Dodge: Dodged            ||    27

Table legend:
 A = Non-vault XP
 B = Vault XP
 C = Vault XP percentage of total XP
 D = Non-vault monster count
 E = Vault monster count
 F = Vault count percentage of total count
                 A         B        C        D         E       F
            +---------+---------+-------+---------+---------+-------
      Total |      47 |       4 |   7.8 |      28 |       3 |   9.7
            +---------+---------+-------+---------+---------+-------
        D:1 |      39 |       4 |   9.3 |      23 |       3 |  11.5
        D:2 |       8 |       0 |   0.0 |       5 |       0 |   0.0
            +---------+---------+-------+---------+---------+-------
